FIQ, neutral male gnomish Wizard ------ |....| -------------------------------- |....| |..............................| |....+# |...--------.......-----------.| |....|# #....|+++|..|------.|..|(((| +.| |.<..|# ###|...|+++|(.|.....|.|..|(((| |.| --+-.-# # |...|...||-|.._..|.-|-|...----.| ##### ### |...--|--..|...%%|....-|---..... # # # |..........|.....|.............| ## #### |........{.----|--.{...........| + + # |..............................| |...-|---...........-+---|--...| ....|...|-------.---| |...|...| |...|(((| |%%.-.-..| |%%?|...| |...|(((| |%%.|.|..| |]!?|...| ....-----+------.---- -----...| |........G........h............| -------------------------------- FIQ the Conjurer Experience level: 4 Strength: 9 Dexterity: 15 Constitution: 12 Intelligence: 15 Wisdom: 16 Charisma: 8 Health: 26(26) Energy: 51(51) Def: 1 Gold: 100 Moves: 1702 Dungeon seed: q_BJxlEgd4Ivr66U Game ID: FIQ_1445527939 Your Inventory: Coins $ - 100 gold pieces Weapons a - a blessed +1 quarterstaff (weapon in hands) f - an uncursed +2 aklys (alternate weapon; not wielded) Armor e - an uncursed +0 cloak of magic resistance (being worn) Comestibles g - an uncursed apple h - 2 uncursed food rations k - 2 uncursed lichen corpses o - an uncursed tripe ration Potions z - a blessed potion of gain level A - a blessed potion of hallucination C - 3 uncursed potions of gain energy Wands d - an uncursed wand of nothing (0:4) i - an uncursed wand of fire (0:4) Tools b - an uncursed sack s - an uncursed magic marker (0:93) t - an uncursed towel Contents of the sack: a cursed scroll of earth a blessed scroll of enchant armor an uncursed scroll of gold detection a cursed scroll of magic mapping an uncursed scroll of remove curse a cursed potion of gain energy an uncursed potion of healing a potion of holy water Spells and supernatural/magical abilities: Name Level Category Fail Memory a - force bolt 1 attack 0% 92% e - charm monster 3 enchantment 0% 92% m - magic missile 2 attack 0% 100% W - pray for help -- divine ? -- Your skills at the end: Miscellaneous Skills wands [Basic] Weapon Skills quarterstaff [Basic] crossbow [Basic] Spellcasting Skills attack spells [Basic] enchantment spells [Basic] Final Attributes: You were devoutly aligned. You were magic-protected. You had infravision. You survived. Vanquished creatures: a bugbear a shrieker 2 floating eyes an iguana 3 orc zombies 4 dwarf zombies 2 hobbits 2 geckos a hobgoblin 5 giant rats 2 yellow molds a green mold a gnome a garter snake 6 jackals a kobold 2 newts a grid bug a bat 3 lichens a kobold zombie 42 creatures vanquished. Voluntary challenges: You did not adorn yourself with jewelry or accessories. You used a wielded weapon 49 times, starting on turn 13. You did not apply a unicorn horn. You read items or engraved 4 times, starting on turn 296. You never genocided any monsters. You never polymorphed an object. You never changed form. You used no wishes. You never split a pudding. You wrote Elbereth's name 1 time, starting on turn 297. You never violated your personal moral code. Dungeon overview: The Dungeons of Doom: levels 1 to 2 Level 1 a fountain a long staircase Level 2 stairs to The Gnomish Mines The Gnomish Mines: levels 3 to 6 Level 3 stairs to The Dungeons of Doom Level 4 Level 5 Level 6 <- You were here many shops, a temple to Thoth, a magic chest, some fountains History has recorded: On T:1 you entered the Dungeons of Doom to retrieve the Amulet of Yendor! On T:303 you reached level 2 of The Dungeons of Doom. On T:619 you reached level 1 of The Gnomish Mines. On T:672 you advanced to experience level 2. On T:822 you reached level 2 of The Gnomish Mines. On T:825 you advanced to experience level 3. On T:874 you advanced to experience level 4. On T:1178 you reached level 3 of The Gnomish Mines. On T:1463 you reached level 4 of The Gnomish Mines. On T:1529 you entered the Minetown temple On T:1641 you opened a magic chest. On T:1677 you opened a magic chest. Score breakdown: Gold: 100 ( 10 points) Experience: 4 levels ( 300 points) Exploration: 6 levels ( 150 points) Discoveries: 2 items ( 100 points) Variety of kills: 21 monsters ( 1050 points) Major goal: reached Minetown ( 500 points) Survival: quit (score multiplied by 3) Total score: 6330 Latest messages: Hello FIQ, the gnomish Wizard, welcome back to NetHack! Final status: Goodbye FIQ the Wizard, quit... You quit in The Gnomish Mines on dungeon level 6 with 6330 points, and 100 pieces of gold, after 1702 moves. You were level 4 with a maximum of 26 hit points when you quit.